 Dungeon Crawl Stone Soup version 0.22.0-25-g7663229ff0 (webtiles) character file.

81 SinguSongi the Ruffian (level 4, -3/36 (38) HPs)
             Began as a Ghoul Monk on Aug 21, 2018.
             Slain by a bullfrog zombie (7 damage)
             ... on level 3 of the Dungeon.
             The game lasted 00:06:46 (2239 turns).

SinguSongi the Ruffian (Ghoul Monk)                 Turns: 2239, Time: 00:06:46

HP:   -3/36 (38)    AC:  2    Str: 14    XL:     4   Next: 40%
MP:   3/3           EV: 13    Int:  5    God:
Gold: 155           SH:  0    Dex: 12    Spells: 3/3 levels left

rFire    . . .     SeeInvis .     - Unarmed
rCold    + . .     Gourm    .   (no shield)
rNeg     + + +     Faith    .   a - +0 robe
rPois    ∞         Spirit   .   (no helmet)
rElec    .         Reflect  .   (no cloak)
rCorr    +         Harm     .   (no gloves)
MR       .....                  (no boots)
Stlth    ++........             (no amulet)
HPRegen  0.00/turn              m - ring of resist corrosion
MPRegen  0.08/turn              (no ring)

@: rotting
A: rotting body, claws 1, carnivore, cold resistance 1, negative energy
resistance 3, inhibited regeneration, torment resistance, unbreathing
a: no special abilities


You were on level 3 of the Dungeon.
You were not hungry.

You visited 1 branch of the dungeon, and saw 3 of its levels.

You collected 155 gold pieces.

Inventory:

Armour
 a - a +0 robe (worn)
Jewellery
 m - a ring of resist corrosion (left claw)
Wands
 i - a wand of flame (25)
Scrolls
 c - a scroll of magic mapping {unknown}
 d - a scroll of fog {unknown}
 e - a scroll of remove curse {unknown}
 g - a scroll of random uselessness {unknown}
 h - a scroll of noise {unknown}
 k - 2 scrolls of teleportation {unknown}
Potions
 f - a potion of heal wounds
 j - a potion of mutation
 l - a potion of brilliance
 n - a potion of flight
Comestibles
 b - a ration


   Skills:
 + Level 3.5 Fighting
 + Level 3.2 Dodging
 + Level 2.9 Stealth
 + Level 4.5 Unarmed Combat


You had 3 spell levels left.
You didn't know any spells.
Your spell library was empty.

Dungeon Overview and Level Annotations

Branches:
Dungeon (3/15)

Altars:
Qazlal


Innate Abilities, Weirdness & Mutations

Your body is rotting away.
You thrive on raw meat.
You are immune to poison.
You have sharp fingernails.
You are carnivorous and can eat meat at any time.
Your flesh is cold resistant. (rC+)
You are immune to negative energy. (rN+++)
You do not regenerate when monsters are visible.
You are immune to unholy pain and torment.
You can survive without breathing.


Message History

You barely miss the bullfrog zombie. The bullfrog zombie misses you.
You open the door. The bullfrog zombie barely misses you.
The bullfrog zombie closely misses you. The bullfrog zombie hits you.
The kobold barely misses you.
You scratch the bullfrog zombie.
The bullfrog zombie is lightly damaged.
The bullfrog zombie completely misses you.
The bullfrog zombie hits you. The kobold hits you with a short sword.
You scratch the bullfrog zombie.
The bullfrog zombie is moderately damaged.
The bullfrog zombie hits you.
* * * LOW HITPOINT WARNING * * *
You scratch the bullfrog zombie.
The bullfrog zombie is heavily damaged.
The kobold misses you. The bullfrog zombie hits you.
* * * LOW HITPOINT WARNING * * *
The bullfrog zombie hits you.
* * * LOW HITPOINT WARNING * * *
The bullfrog zombie hits you!
You die...

#.......#.._. ...
#.......#.#.# ....
.##.........#.###....
.....................
#......'##........## ###...#
#...≈....≈.........# #.....#
#....≈..≈.≈.≈..#+#.# #.....#
#...≈≈≈≈≈≈≈≈≈≈.K.#.###.....
...≈≈≈≈≈≈≈≈≈≈..Z@..#...... ##
!...≈≈≈≈≈≈≈≈≈..#####....#...#
..≈.≈≈≈≈♣≈≈≈≈≈≈....+....# ..#
....≈≈≈♣_♣≈≈≈≈.#####....##..#
....≈≈≈♣≈♣≈≈≈.≈.†.)..#...#..##
...≈≈≈≈≈≈≈≈≈.....##.###.##..#
≈≈≈≈≈≈≈≈....##.....##..##
≈≈≈≈≈≈.....##.#....[...#
≈.≈≈.≈.≈......#.####...#


You could see a bullfrog zombie and a kobold.

Vanquished Creatures
  3 adders (D:2)
  A dart slug (D:2)
  13 giant cockroaches
  5 goblins
  3 hobgoblins
  3 jackals (D:3)
  3 bats (D:2)
  2 frilled lizards
  8 kobolds
  9 rats
50 creatures vanquished.

Notes
Turn   | Place    | Note
-------+----------+-------------------------------------------
     0 | D:1      | SinguSongi the Ghoul Monk began the quest for the Orb.
     0 | D:1      | Reached XP level 1. HP: 19/19 MP: 0/0
   189 | D:1      | Reached XP level 2. HP: 17/26 MP: 1/1
   668 | D:2      | Reached XP level 3. HP: 22/29 MP: 2/2
   833 | D:2      | Reached skill level 4 in Unarmed Combat
  1642 | D:2      | Reached XP level 4. HP: 26/36 MP: 3/3
  2214 | D:3      | Found a faded altar of an unknown god.
  2217 | D:3      | Found a stormy altar of Qazlal.
  2239 | D:3      | Slain by a bullfrog zombie

Skill      XL: |  1  2  3 |
---------------+----------+-----
Dodging        | 3 |  3.2
Unarmed Combat | 4 |  4.5
Fighting       | |  3.5
Stealth        | |  2.9

Action                   |  1- 3 |  4- 6 || total
-------------------------+-------+-------++-------
Melee: Unarmed           |   132 |    45 ||   177
       Punch             |     2 |       ||     2
  Use: Scroll            |       |     4 ||     4
 Stab: Sleeping          |     2 |     1 ||     3
  Eat: Chunk             |     2 |     4 ||     6
Armor: Robe              |    18 |     5 ||    23
Dodge: Dodged            |    85 |    32 ||   117
